cohdb
Replays
Latest Replays
All Replays
Popular Replays
Top Player Replays
Match Explorer
How It Works
Community
CoH3 Stats
Reddit
Sign in to upload your games and track your stats! →
Sign in with Steam
Match 43712355
Unlisted
Match 43712355
Overview
Messages
Build Orders
End
Scout Squad
Selects Airborne Battlegroup
Selects Heavy Machine Gun Paradrop
Heavy Machine Gun Paradrop
Construct Weapon Support Center
Bazooka Squad
Heavy Machine Gun Paradrop
Infantry Support Center
M3 Armored Personnel Carrier
M3 Armored Personnel Carrier
Heavy Machine Gun Paradrop
Selects Recon Loiter
Selects Paratrooper Squad Paradrop
Recon Loiter
M3 Armored Personnel Carrier
Scout Squad
Recon Loiter
M3 Armored Personnel Carrier
Selects Supply Drop
Supply Drop
Engineer Squad
Supply Drop
Recon Loiter
Paratrooper Squad Paradrop
Construct Tank Depot
Selects Carpet Bombing Run
M4A1 Sherman Medium Tank
Recon Loiter
Engineer Squad
ConcernedApe
AHOIENMQ
乱杀大王
-AL- Nimahfrosch
0
0
Comments
sign in to comment!
No comments posted yet!